 Dungeon Crawl Stone Soup version 0.32-a0-779-g362cfcae2a (webtiles) character file.

Game seed: 14471903346587404487

380 Reveillark the Slasher (level 6, -1/48 HPs)
             Began as a Demigod Brigand on Mar 20, 2024.
             Slain by Sigmund
             ... wielding a +0 scythe
              (5 damage)
             ... on level 5 of the Dungeon.
             The game lasted 00:04:42 (3712 turns).

Reveillark the Slasher (Demigod Brigand)            Turns: 3712, Time: 00:04:42

Health: -1/48      AC:  8    Str: 12    XL:     6   Next: 21%
Magic:  8/8        EV: 10    Int: 13    God:
Gold:   54         SH:  0    Dex: 23    Spells: 5/5 levels left

rFire   . . .        u - +0 long sword
rCold   + . .        x - orb {*Rage}
rNeg    . . .        p - +2 leather armour {rC+}
rPois   .            (no helmet)
rElec   .            c - +0 cloak
rCorr   .            j - +0 pair of gloves
SInv    .            s - +0 pair of boots
Will    .....        (no amulet)
Stlth   +++          (no ring)
HPRegen 0.28/turn    (no ring)
MPRegen 0.11/turn

%: random rage (20%)
@: on berserk cooldown, invisible
A: high MP 1, forlorn, divine attributes
a: no special abilities


You were on level 5 of the Dungeon.
You visited 1 branch of the dungeon, and saw 5 of its levels.

You collected 120 gold pieces.
You spent 66 gold pieces at shops.

Inventory:

Hand Weapons
 a - a +2 dagger
 h - a +2 whip of electrocution
 o - a +0 hand axe
 u - a +0 long sword (weapon)
Missiles
 d - 18 poisoned darts (quivered)
 e - 9 curare-tipped darts {=f}
Armour
 b - a +0 robe
 c - a +0 cloak (worn)
 j - a +0 pair of gloves (worn)
 p - a +2 leather armour of cold resistance (worn)
 s - a +0 pair of boots (worn)
 x - an orb of wrath (worn)
Jewellery
 L - a ring of flight
Wands
 y - a wand of warping (7)
Scrolls
 f - a scroll of poison {unknown}
 l - 3 scrolls of fear
 m - a scroll of immolation {unknown}
 q - a scroll of teleportation {@r4}
 v - a scroll of noise {!r}
 w - a scroll of silence {unknown}
Potions
 g - a potion of invisibility
 i - a potion of magic {unknown}
 k - a potion of degeneration {unknown}
 n - a potion of enlightenment {unknown}
 r - 3 potions of curing {unknown}
 t - a potion of attraction {unknown}


   Skills:
 - Level 1.9 Fighting
 - Level 1.7(4.0) Short Blades
 * Level 5.6(5.8) Long Blades
 - Level 1.7 Throwing
 - Level 1.1 Dodging
 - Level 4.0 Stealth


You had 5 spell levels left.
You didn't know any spells.
Your spell library contained the following spells:

 Spells                   Type           Power      Damage    Failure   Level
 Jinxbite                 Hex            0%         N/A       52%         2
 Yara's Violent Unravell  Hex/Alch       0%         3d3       100%        5
 Enfeeble                 Hex            0%         N/A       100%        7


Dungeon Overview and Level Annotations

Branches:
Dungeon (5/15)
 Temple: D:4-7

Shops:
D:4 [*:

Annotations:
D:5 Sigmund


Innate Abilities, Weirdness & Mutations

You have an increased reservoir of magic. (+10% MP)
You shall have no god before yourself.
Your divine heritage dramatically boosts your attributes as you level up.


Message History

* * * LOW HITPOINT WARNING * * *
The phantom blinks!
You blink.
The phantom hits you but does no damage.
You hit the phantom but do no damage. The phantom closely misses you.
Unknown command.
You barely miss the phantom. The phantom hits you.
* * * LOW HITPOINT WARNING * * *
The phantom closely misses you.
Sigmund says, "Now you see me, now you don't..."
Sigmund gestures at you while chanting.
You are confused.
Unknown command.
The phantom attacks as it pursues you! The phantom hits you.
* * * LOW HITPOINT WARNING * * *
The phantom blinks!
You blink.
The phantom completely misses you. The phantom attacks as it pursues you!
The phantom hits you.
* * * LOW HITPOINT WARNING * * *
You hit the phantom but do no damage.
The phantom hits you but does no damage.
Sigmund mumbles some strange words.
Sigmund flickers and vanishes!
Deactivating autopickup; reactivate with Ctrl-A.
The phantom hits you.
* * * LOW HITPOINT WARNING * * *
Unknown command.
You feel less confused.
Unknown command.
You hit the phantom.
The phantom hits you but does no damage. x2
Unknown command.
The phantom attacks as it pursues you! The phantom hits you.
* * * LOW HITPOINT WARNING * * *
You feel yourself speed up.
A magic dart appears from out of thin air!
The magic dart hits you.
* * * LOW HITPOINT WARNING * * *
A magic dart appears from out of thin air!
The magic dart hits you!
* * * LOW HITPOINT WARNING * * *
The phantom hits you but does no damage.
Unknown command.
Okay, then.
Okay, then.
It was a potion of invisibility.
You fade into invisibility!
Something hits you.
You die...

#.............#.#.#...
##...#..#..............
#......................
#.......#.#............
#.......#..............
#.......#..............
##...........{..........
#.......<...........##
#...........@W#...###
#.............#.###
#.............###
#.........#####
##........# #.........
#.......#.. ...


You could see a phantom (unable to see you).

Vanquished Creatures
  A scorpion (D:4)
  A bombardier beetle (D:3)
  An orc priest (D:3)
  A sleepcap (D:4)
  An iguana (D:5)
  An orc wizard (D:4)
  7 adders
  4 ribbon worms
  5 dart slugs
  9 orcs (D:4)
  8 ball pythons
  5 bats
  4 endoplasms (D:2)
  5 giant cockroaches
  10 goblins
  3 hobgoblins
  2 jackals (D:1)
  3 quokkas
  7 frilled lizards
  6 kobolds
  4 rats
88 creatures vanquished.

Notes
Turn   | Place    | Note
-------+----------+-------------------------------------------
     0 | D:1      | Reveillark the Demigod Brigand began the quest for the Orb.
     0 | D:1      | Reached XP level 1. HP: 17/17 MP: 3/3
     4 | D:1      | You fall into a shaft and drop 1 floor!
    64 | D:2      | Reached skill level 1 in Dodging
    64 | D:2      | Reached XP level 2. HP: 24/24 MP: 4/4
    94 | D:1      | Reached skill level 1 in Long Blades
   313 | D:1      | Reached XP level 3. HP: 25/29 MP: 5/5
   543 | D:1      | Reached skill level 2 in Long Blades
  1467 | D:3      | Reached skill level 3 in Long Blades
  1467 | D:3      | Reached XP level 4. HP: 30/36 MP: 6/6
  1913 | D:3      | Reached skill level 4 in Long Blades
  1980 | D:3      | Reached XP level 5. HP: 35/41 MP: 7/7
  2796 | D:4      | Reached skill level 5 in Long Blades
  2832 | D:4      | Reached XP level 6. HP: 24/48 MP: 8/8
  3332 | D:4      | Found Dousuxtiwn's Book Shop.
  3481 | D:4      | Found Iwuuhos's General Store.
  3484 | D:4      | Bought a scroll of fear for 44 gold pieces
  3484 | D:4      | Bought a scroll of identify for 22 gold pieces
  3566 | D:4      | Found Ketuce's Antique Armour Shop.
  3677 | D:5      | Entered Level 5 of the Dungeon
  3694 | D:5      | Noticed Sigmund
  3712 | D:5      | Slain by Sigmund

Illustrated notes

Levels and vault maps discovered:
D:1:      spicycebolla_green_bress_n_ham, layout_rooms,
          ebering_ecumenical_altar_hall
D:2:      layout_basic
D:3:      layout_loops_ring, chequers_temple_overflow_minitemple
D:4:      layout_basic, marbit_many_paths, nicolae_ashenzari_skybound,
          serial_shops, kennysheep_mini_moat, nicolae_shop_back_alley_shop,
          nicolae_lakefront_shop
D:5:      minmay_skewed_foursquare, layout_basic, gammafunk_ghost_arena,
          uniq_menkaure, uniq_sigmund, uniq_grinder

Skill      XL: |  1  2  3  4  5 |
---------------+----------------+-----
Dodging        | 1 |  1.1
Long Blades    | 1 3 4 5 |  5.6
Stealth        | 4 |  4.0
Fighting       | |  1.9
Short Blades   | |  1.7
Throwing       | |  1.7

Action                     |  1- 3 |  4- 6 || total
---------------------------+-------+-------++-------
  Melee: Dagger            |    51 |       ||    51
         Whip              |    61 |    75 ||   136
         Long sword        |       |    95 ||    95
    Use: Scroll            |       |     2 ||     2
         Potion            |       |     1 ||     1
   Stab: Sleeping          |    14 |     9 ||    23
         Distracted        |     1 |     1 ||     2
 Armour: Robe              |    67 |    34 ||   101
         Leather armour    |       |    79 ||    79
  Dodge: Dodged            |    60 |   104 ||   164

Table legend: (Time is in decaauts)
 A = Elapsed time spent in this place.
 B = Non-inter-level travel time spent in this place.
 C = Inter-level travel time spent in this place.
 D = Time resting spent in this place.
 E = Time spent auto-exploring this place.
 F = Levels seen in this place.
 G = Mean time per level.
                   A        B        C        D        E       F      G
               +--------+--------+--------+--------+--------+-----+--------+
         Total |   3743 |   3555 |    188 |    448 |   2414 |   5 |  748.6 |
       Dungeon |   3743 |   3555 |    188 |    448 |   2414 |   5 |  748.6 |
               +--------+--------+--------+--------+--------+-----+--------+

Top non-repeatable levels by time:
     D:4: 1291 daAuts
     D:3: 945 daAuts
     D:2: 870 daAuts
     D:1: 589 daAuts
     D:5: 46 daAuts
